 Dungeon Crawl Stone Soup version 0.31.0-11-ge490571c62 (webtiles) character file.

Game seed: 591076101745991050

9 Gadfly the Apothecary (level 2, 0/22 HPs)
             Began as a Naga Alchemist on Feb 1, 2024.
             Slain by a kobold
             ... wielding a +2 dagger of freezing
              (1 damage)
             ... on level 1 of the Dungeon.
             The game lasted 00:01:42 (348 turns).

Gadfly the Apothecary (Naga Alchemist)               Turns: 348, Time: 00:01:43

Health: 0/22       AC:  1    Str: 10    XL:     2   Next: 12%
Magic:  2/5        EV: 10    Int: 15    God:
Gold:   35         SH:  0    Dex: 11    Spells: 2/5 levels left

rFire   . . .        d - +0 dagger
rCold   . . .        (no shield)
rNeg    . . .        a - +0 robe
rPois   +            (no helmet)
rElec   .            (no cloak)
rCorr   .            (no gloves)
SInv    +            (no barding)
Will    +....        (no amulet)
Stlth   ++           f - ring of willpower
HPRegen 0.23/turn    (no ring)
MPRegen 0.09/turn

%: no passive effects
@: very slow
A: AC +0, large, see invisible, deformed body, poison resistance, slowness 2,
spit poison 1, naga tail 1
a: Spit Poison


You were on level 1 of the Dungeon.
You visited 1 branch of the dungeon, and saw 1 of its levels.

You collected 35 gold pieces.

Inventory:

Hand Weapons
 d - a +0 dagger (weapon)
 g - a +0 long sword
Armour
 a - a +0 robe (worn)
Jewellery
 e - an amulet of faith
 f - a ring of willpower (left hand)
Potions
 b - a potion of magic
 c - a potion of enlightenment {unknown}


   Skills:
 + Level 0.2 Fighting
 * Level 1.7 Dodging
 - Level 3.0 Stealth
 * Level 2.1 Spellcasting
 * Level 1.2 Conjurations
 + Level 3.7 Alchemy
 * Level 0.4 Evocations


You had 2 spell levels left.
You knew the following spells:

 Your Spells              Type           Power      Damage    Failure   Level
a - Sting                 Conj/Alch      36%        1d5       8%          1
b - Mercury Vapours       Alch/Air       14%        N/A       16%         2

Your spell library contained the following spells:

 Spells                   Type           Power      Damage    Failure   Level
 Mephitic Cloud           Conj/Alch/Air  6%         N/A       32%         3
 Olgreb's Toxic Radiance  Alch           12%        N/A       43%         4
 Sticky Flame             Fire/Alch      7%         2d4       71%         4


Dungeon Overview and Level Annotations

Branches:
Dungeon (1/15)

Altars:

Shops:
D:1 (


Innate Abilities, Weirdness & Mutations

Your serpentine skin is tough. (AC +0)
You have supernaturally acute eyesight. (SInv)
Armour fits poorly on your strangely shaped body.
Your system is resistant to poisons. (rPois)
You cover ground very slowly.
You can spit poison.
You have a snake-like lower body.


Message History

The kobold hits you with a +2 dagger of freezing.
The kobold freezes you.
You hit the kobold but do no damage. The kobold closely misses you.
You hit the kobold but do no damage.
The kobold hits you with a +2 dagger of freezing.
The kobold freezes you.
You closely miss the kobold. The kobold barely misses you.
You closely miss the kobold. The kobold barely misses you.
You hit the kobold but do no damage.
The kobold hits you with a +2 dagger of freezing.
The kobold freezes you.
You are too injured to fight recklessly!
You are too injured to fight recklessly!
You are too injured to fight recklessly!
You are too injured to fight recklessly!
You are too injured to fight recklessly!
You are too injured to fight recklessly!
You are too injured to fight recklessly!
You are too injured to fight recklessly!
You are too injured to fight recklessly!
You are too injured to fight recklessly!
You are too injured to fight recklessly!
You are too injured to fight recklessly!
You are too injured to fight recklessly!
You are too injured to fight recklessly!
You are too injured to fight recklessly!
You are too injured to fight recklessly!
You are too injured to fight recklessly!
You are too injured to fight recklessly!
You are too injured to fight recklessly!
You hit the kobold but do no damage.
The kobold hits you with a +2 dagger of freezing.
* * * LOW HITPOINT WARNING * * *
The kobold freezes you.
* * * LOW HITPOINT WARNING * * *
You hit the kobold but do no damage.
The kobold hits you with a +2 dagger of freezing.
* * * LOW HITPOINT WARNING * * *
The kobold freezes you.
You die...

#.# #.# #.#
#.#
#.###.###.#
#.........#
#####.##..#
#.# #.# #
######.##..#
#.....@K...#
#.####.###.#
#.# #.# #.#
..# ###


You could see a kobold.

Vanquished Creatures
  2 giant cockroaches (D:1)
  A goblin (D:1)
  A quokka (D:1)
  3 bats (D:1)
  A frilled lizard (D:1)
8 creatures vanquished.

Notes
Turn   | Place    | Note
-------+----------+-------------------------------------------
     0 | D:1      | Gadfly the Naga Alchemist began the quest for the Orb.
     0 | D:1      | Reached XP level 1. HP: 15/15 MP: 3/3
   205 | D:1      | Found Qoofuf's Antique Weapon Shop.
   252 | D:1      | Reached XP level 2. HP: 17/22 MP: 5/5
   296 | D:1      | Learned a level 2 spell: Mercury Vapours
   348 | D:1      | HP: 1/22 [kobold/+2 dagger of freezing (4)]
   348 | D:1      | Slain by a kobold

Illustrated notes

Levels and vault maps discovered:
D:1:      matt_arrival_debris, layout_loops_ring, serial_shops, shop

Action                     || total
---------------------------++-------
  Melee: Dagger            ||    48
         Unarmed           ||    16
         Punch             ||     1
   Cast: Mercury Vapours   ||     1
   Stab: Sleeping          ||     2
 Armour: Robe              ||    47
  Dodge: Dodged            ||    51
